 Dungeon Crawl Stone Soup version 0.22-a0-268-g1cc83ef (webtiles) character file.

140 tidbits the Insei (level 5, -4/40 HPs)
             Began as a Gnoll Transmuter on Mar 9, 2018.
             Slain by PeterMcNeter's ghost (6 damage)
             ... on level 4 of the Dungeon.
             The game lasted 00:04:09 (587 turns).

tidbits the Insei (Gnoll Transmuter)                 Turns: 587, Time: 00:04:10

Health: -4/40      AC:  2    Str: 11 (12) XL:     5   Next: 22%
Magic:  3/12       EV: 23    Int: 17      God:
Gold:   53         SH:  0    Dex: 18 (20) Spells: 8/14 levels left

rFire    . . .     SeeInvis .     - Unarmed
rCold    . . .     Gourm    .   (shield currently unavailable)
rNeg     . . .     Faith    .   (armour currently unavailable)
rPois    x         Spirit   .   (helmet currently unavailable)
rElec    .         Reflect  .   (cloak currently unavailable)
rCorr    .         Harm     .   (gloves currently unavailable)
MR       .....                  (boots currently unavailable)
Stlth    ++........             (no amulet)
HPRegen  0.13/turn              (no ring)
MPRegen  0.13/turn              (no ring)

@: spider-form (expiring), very slightly contaminated
A: tiny, distributed training, strong nose
a: End Transformation


You were on level 4 of the Dungeon.
You were not hungry.
You were a venomous arachnid creature.
You visited 1 branch of the dungeon, and saw 4 of its levels.

You collected 53 gold pieces.

Inventory:

Hand Weapons
 i - a +0 dagger
Missiles
 a - 9 arrows
Armour
 b - a +0 robe (melded)
 E - a +0 helmet (melded)
Scrolls
 c - 2 scrolls of remove curse {unknown}
 e - a scroll of amnesia {unknown}
 f - 2 scrolls of enchant weapon {unknown}
 h - a scroll of identify {unknown}
Comestibles
 d - 2 rations


   Skills:
 + Level 2.9 Fighting
 + Level 1.4 Short Blades
 + Level 1.4 Long Blades
 + Level 1.4 Axes
 + Level 1.4 Maces & Flails
 + Level 1.4 Polearms
 + Level 1.4 Staves
 + Level 1.4 Slings
 + Level 1.4 Bows
 + Level 1.4 Crossbows
 + Level 1.4 Throwing
 + Level 1.4 Armour
 + Level 4.7 Dodging
 + Level 1.4 Stealth
 + Level 1.4 Shields
 + Level 6.6 Unarmed Combat
 + Level 5.1 Spellcasting
 + Level 1.1 Conjurations
 + Level 1.1 Hexes
 + Level 1.1 Charms
 + Level 1.1 Summonings
 + Level 1.1 Necromancy
 + Level 1.1 Translocations
 + Level 3.9 Transmutations
 + Level 1.1 Fire Magic
 + Level 1.1 Ice Magic
 + Level 1.1 Air Magic
 + Level 1.1 Earth Magic
 + Level 1.1 Poison Magic
 + Level 1.5 Invocations
 + Level 1.4 Evocations


You had 8 spell levels left.
You knew the following spells:

 Your Spells              Type           Power        Failure   Level  Hunger
e - Beastly Appendage     Tmut           ###...       10%         1    None
k - Sticks to Snakes      Tmut           ###.....     13%         2    #......
p - Spider Form           Tmut/Pois      ##........   32%         3    ###....


Dungeon Overview and Level Annotations

Branches:
Dungeon (4/15)
 Temple: D:4-7

Altars:
Gozag
Uskayaw
Xom
Yredelemnul

Annotations:
D:4 Ijyb; PeterMcNeter's ghost, amateur TeCj


Innate Abilities, Weirdness & Mutations

Your experience applies equally to all skills.
((You have very sharp teeth.))
Your uncanny sense of smell can sniff out nearby items.


Message History

There is an open door here.
You open the large door.
Found a hide-covered altar of Uskayaw and a basalt altar of Yredelemnul.
There is an open door here.
There is an open door here.
There is a stone staircase leading down here.
You climb downwards.
You hear the hiss of flowing sand.
There is an entrance to an ossuary on this level.
Hurry and find it before the portal is buried!
Level annotation: Ijyb You hear the quick hiss of a distant avalanche of sand.
The hound skeleton completely misses you.
The hound skeleton barely misses you.
There is a stone staircase leading up here.
Casting: Spider Form (safe; 16% risk of failure)
Confirm with . or Enter, or press ? or * to list all spells.
You miscast Spider Form.
You are very lightly contaminated with residual magic.
Nothing appears to happen.
The hound skeleton barely misses you. The hound skeleton misses you.
Found a falchion.
Casting: Spider Form (safe; 16% risk of failure)
Confirm with . or Enter, or press ? or * to list all spells.
You turn into a venomous arachnid creature.
Your +0 helmet melds into your body.
Your +0 robe melds into your body.
The hound skeleton closely misses you.
PeterMcNeter's ghost (amateur Tengu Conjurer) comes into view.
It is wielding a weapon of venom.
Casting: Spider Form (safe; 34% risk of failure)
Confirm with . or Enter, or press ? or * to list all spells.
You create 2 snakes!
You now have 10 arrows.
PeterMcNeter's ghost turns its malevolent gaze towards you.
The hound skeleton completely misses you.
Casting: Sticks to Snakes (safe; 13% risk of failure)
Confirm with . or Enter, or press ? or * to list all spells.
You create a snake!
You now have 9 arrows.
The hound skeleton closely misses you. The hound skeleton bites you.
You bite the hound skeleton!
The hound skeleton is heavily damaged.
The hound skeleton bites you but does no damage.
Ijyb misses your adder.
Your adder barely misses the hound skeleton.
You bite the hound skeleton!
You destroy the hound skeleton!
You feel your strength returning.
Your adder bites Ijyb but does no damage.
Ijyb misses you. PeterMcNeter's ghost hits your adder.
Your adder is poisoned.
Your adder bites PeterMcNeter's ghost.
There is a stone staircase leading up here.
You hit Ijyb.
Ijyb is poisoned.
Ijyb is lightly wounded.
Your adder bites Ijyb but does no damage.
Ijyb completely misses you.
Your adder closely misses PeterMcNeter's ghost.
PeterMcNeter's ghost hits your adder.
Your adder looks as sick as possible!
Your adder barely misses Ijyb.
You hit Ijyb.
Ijyb looks even sicker.
Ijyb is lightly wounded.
Ijyb zaps a wand.
The puff of flame hits you!
* * * LOW HITPOINT WARNING * * *
It is a wand of flame (28).
Your adder closely misses PeterMcNeter's ghost.
Your adder barely misses PeterMcNeter's ghost.
PeterMcNeter's ghost points at you and mumbles some strange words.
The magic dart hits your adder.
Your adder dies!
You closely miss Ijyb.
Ijyb is lightly wounded.
Your ball python barely misses PeterMcNeter's ghost.
Your adder closely misses PeterMcNeter's ghost.
Ijyb barely misses you.
Your ball python closely misses PeterMcNeter's ghost.
You barely miss Ijyb.
Ijyb is lightly wounded.
Your adder bites PeterMcNeter's ghost but does no damage.
PeterMcNeter's ghost casts a spell at you.
The magic dart hits you!
* * * LOW HITPOINT WARNING * * *
Ijyb zaps a wand.
The puff of flame hits you!
* * * LOW HITPOINT WARNING * * *
Your ball python barely misses PeterMcNeter's ghost.
You hit Ijyb.
Ijyb looks as sick as possible!
Ijyb is moderately wounded.
Your transformation is almost over.
Your adder closely misses PeterMcNeter's ghost.
Your adder bites PeterMcNeter's ghost but does no damage.
Ijyb completely misses you.
You closely miss Ijyb.
Ijyb is moderately wounded.
PeterMcNeter's ghost points at you and mumbles some strange words.
The magic dart hits you!
* * * LOW HITPOINT WARNING * * *
Your ball python closely misses PeterMcNeter's ghost.
Your adder bites PeterMcNeter's ghost.
You hit Ijyb but do no damage.
Ijyb looks as sick as possible!
Ijyb is moderately wounded.
Ijyb screams, "Get away!"
Ijyb misses you. PeterMcNeter's ghost hits you.
You die...

##+#########
#...s......#
#...Wg.....#
#...SS.....#
#..........#
#....####...
#....# ..
+....# .
#....#
#..).#


You could see Ijyb, PeterMcNeter's ghost, a friendly adder and a friendly ball
python.

Vanquished Creatures
  The ghost of tidbits the Insei, an amateur GnTm (D:3)
  A hound skeleton (D:4)
  A worker ant zombie (D:3)
  2 worms
  2 leopard geckos
  2 orcs (D:3)
  2 bats (D:3)
  A giant cockroach (D:3)
  3 goblins (D:3)
  4 hobgoblins (D:3)
  2 jackals (D:3)
  2 frilled lizards (D:3)
  2 kobolds (D:3)
25 creatures vanquished.

Notes
Turn   | Place    | Note
-------+----------+-------------------------------------------
     0 | D:1      | tidbits the Gnoll Transmuter began the quest for the Orb.
     0 | D:1      | Reached XP level 1. HP: 17/17 MP: 6/6
     0 | D:1      | Noticed a gargoyle
     0 | D:1      | Noticed an octopode
     1 | D:1      | Noticed a felid
     3 | D:1      | Noticed a vampire
     4 | D:1      | Noticed a vampire
     6 | D:1      | Noticed a ghoul
     7 | D:1      | Noticed a minotaur
     8 | D:1      | Noticed a centaur
    10 | D:1      | Noticed a human
    10 | D:1      | Noticed a centaur
    12 | D:1      | Noticed a naga
    15 | D:1      | Noticed a gargoyle
    15 | D:1      | Noticed a centaur
    17 | D:1      | Noticed a felid
    19 | D:1      | Noticed a vampire
    21 | D:1      | Noticed a dwarf
    92 | D:4      | Noticed Ijyb
   110 | D:3      | Reached XP level 2. HP: 15/23 MP: 5/7
   122 | D:3      | Learned a level 2 spell: Sticks to Snakes
   159 | D:3      | Found an opulent altar of Gozag.
   167 | D:3      | Reached XP level 3. HP: 13/28 MP: 9/9
   172 | D:3      | Learned a level 3 spell: Spider Form
   184 | D:3      | Reached skill level 5 in Spellcasting
   340 | D:3      | Reached skill level 1 in Invocations
   394 | D:3      | Noticed tidbits's ghost (amateur GnTm)
   412 | D:3      | Killed tidbits's ghost
   412 | D:3      | Reached skill level 1 in Short Blades
   412 | D:3      | Reached skill level 1 in Long Blades
   412 | D:3      | Reached skill level 1 in Axes
   412 | D:3      | Reached skill level 1 in Maces & Flails
   412 | D:3      | Reached skill level 1 in Polearms
   412 | D:3      | Reached skill level 1 in Staves
   412 | D:3      | Reached skill level 1 in Slings
   412 | D:3      | Reached skill level 1 in Bows
   412 | D:3      | Reached skill level 1 in Crossbows
   412 | D:3      | Reached skill level 1 in Throwing
   412 | D:3      | Reached skill level 1 in Armour
   412 | D:3      | Reached skill level 1 in Stealth
   412 | D:3      | Reached skill level 1 in Shields
   412 | D:3      | Reached skill level 1 in Conjurations
   412 | D:3      | Reached skill level 1 in Hexes
   412 | D:3      | Reached skill level 1 in Charms
   412 | D:3      | Reached skill level 1 in Summonings
   412 | D:3      | Reached skill level 1 in Necromancy
   412 | D:3      | Reached skill level 1 in Translocations
   412 | D:3      | Reached skill level 1 in Fire Magic
   412 | D:3      | Reached skill level 1 in Ice Magic
   412 | D:3      | Reached skill level 1 in Air Magic
   412 | D:3      | Reached skill level 1 in Earth Magic
   412 | D:3      | Reached skill level 1 in Poison Magic
   412 | D:3      | Reached skill level 1 in Evocations
   412 | D:3      | Reached XP level 4. HP: 4/34 MP: 2/11
   412 | D:3      | Reached XP level 5. HP: 5/40 MP: 2/12
   460 | D:2      | Found a shimmering altar of Xom.
   549 | D:3      | Found a hide-covered altar of Uskayaw.
   549 | D:3      | Found a basalt altar of Yredelemnul.
   576 | D:4      | Noticed PeterMcNeter's ghost (amateur TeCj)
   586 | D:4      | HP: 1/40 [PeterMcNeter's ghost/magic dart (8)]
   587 | D:4      | Slain by PeterMcNeter's ghost

Vault maps used:
D:1:      shiori_arrival_whats_in_store_for_you
D:2:      nicolae_overflow_hidden_temple, uniq_terence, uniq_crazy_yiuf_cottage
D:3:      lemuel_round_altar, gammafunk_temple_overflow_wave
D:4:      enter_ossuary_4, first_ration, uniq_ijyb

Skill      XL: |  1  2  3 |
---------------+----------+-----
Spellcasting   | 5 |  5.1
Invocations    | 1 |  1.5
Short Blades   | 1 |  1.4
Long Blades    | 1 |  1.4
Axes           | 1 |  1.4
Maces & Flails | 1 |  1.4
Polearms       | 1 |  1.4
Staves         | 1 |  1.4
Slings         | 1 |  1.4
Bows           | 1 |  1.4
Crossbows      | 1 |  1.4
Throwing       | 1 |  1.4
Armour         | 1 |  1.4
Stealth        | 1 |  1.4
Shields        | 1 |  1.4
Conjurations   | 1 |  1.1
Hexes          | 1 |  1.1
Charms         | 1 |  1.1
Summonings     | 1 |  1.1
Necromancy     | 1 |  1.1
Translocations | 1 |  1.1
Fire Magic     | 1 |  1.1
Ice Magic      | 1 |  1.1
Air Magic      | 1 |  1.1
Earth Magic    | 1 |  1.1
Poison Magic   | 1 |  1.1
Evocations     | 1 |  1.4
Fighting       | |  2.9
Dodging        | |  4.7
Unarmed Combat | |  6.6
Transmutations | |  3.9

Action                   |  1- 3 |  4- 6 || total
-------------------------+-------+-------++-------
Melee: Unarmed           |    54 |    15 ||    69
       Bite              |     5 |       ||     5
       Kick              |     4 |     1 ||     5
 Cast: Beastly Appendage |     5 |     1 ||     6
       Spider Form       |     6 |     2 ||     8
       Sticks to Snakes  |       |     2 ||     2
  Use: Potion            |     2 |       ||     2
 Stab: Sleeping          |     2 |       ||     2
Armor: Robe              |     2 |       ||     2
       Skin              |     1 |     1 ||     2
Dodge: Dodged            |    25 |    20 ||    45

Table legend:
 A = Spawn XP
 B = Non-spawn XP
 C = Spawn XP percentage of total XP
 D = Spawn monster count
 E = Non-spawn monster count
 F = Spawn count percentage of total count
 G = Total turns spent on level
                    A         B        C        D         E        F      G
               +---------+---------+-------+---------+---------+-------+---------
         Total |       0 |     200 |   0.0 |       0 |      25 |   0.0 |   587
               +---------+---------+-------+---------+---------+-------+---------
           D:2 |       0 |       8 |   0.0 |       0 |       2 |   0.0 |    61
           D:3 |       0 |     174 |   0.0 |       0 |      22 |   0.0 |   480
           D:4 |       0 |      18 |   0.0 |       0 |       1 |   0.0 |    18
               +---------+---------+-------+---------+---------+-------+---------

Table legend:
 A = Turns spent in this place as a percentage of turns spent in the entire game.
 B = Non-inter-level travel turns spent in this place as a percentage of non-inter-level travel turns spent in the entire game.
 C = Inter-level travel turns spent in this place as a percentage of turns spent in this place.
 D = Turns resting spent in this place as a percentage of non-inter-level travel turns spent in this place.
 E = Turns spent auto-exploring this place as a percentage of non-inter-level travel turns spent in this place.
 F = Non-inter-level travel turns spent in this place divided by the number of levels of this place that you've seen.
                   A       B       C       D       E      F
               +-------+-------+-------+-------+-------+----------------------
         Total | 100.0 | 100.0 |   0.0 |   0.0 |   0.0 | 146.8
       Dungeon | 100.0 | 100.0 |   0.0 |   0.0 |   0.0 | 146.8
               +-------+-------+-------+-------+-------+----------------------

Table legend:
 A = Kills in this place as a percentage of kills in entire the game.
 B = Kills by you in this place as a percentage of kills by you in the entire game.
 C = Kills by friends in this place as a percentage of kills by friends in the entire game.
 D = Other kills in this place as a percentage of other kills in the entire game.
 E = Experience gained in this place as a percentage of experience gained in the entire game.
 F = Experience gained in this place divided by the number of levels of this place that you have seen.
                   A       B       C       D       E      F
               +-------+-------+-------+-------+-------+----------------------
         Total | 100.0 | 100.0 |   N/A |   N/A | 100.0 |  50.0
       Dungeon | 100.0 | 100.0 |   N/A |   N/A | 100.0 |  50.0
               +-------+-------+-------+-------+-------+----------------------

Vault maps used:
D:1:      shiori_arrival_whats_in_store_for_you
D:2:      nicolae_overflow_hidden_temple, uniq_terence, uniq_crazy_yiuf_cottage
D:3:      lemuel_round_altar, gammafunk_temple_overflow_wave
D:4:      enter_ossuary_4, first_ration, uniq_ijyb
